 Dungeon Crawl Stone Soup version 0.27.1-33-g824d729ab1 (webtiles) character file.

Game seed: 13661067936139110495

64 zeram the Sneak (level 4, -1/27 HPs)
             Began as an Octopode Necromancer on Dec 25, 2021.
             Slain by an orc wizard (4 damage)
             ... on level 3 of the Dungeon.
             The game lasted 00:02:23 (2392 turns).

zeram the Sneak (Octopode Necromancer)              Turns: 2392, Time: 00:02:24

Health: -1/27      AC:  1    Str:  8    XL:     4   Next: 12%
Magic:  0/7        EV: 13    Int: 17    God:
Gold:   101        SH:  0    Dex: 12    Spells: 6/7 levels left

rFire    . . .     SeeInvis .   d - +0 dagger
rCold    . . .     Faith    .   (no shield)
rNeg     . . .     Spirit   +   (helmet restricted)
rPois    +         Reflect  .   c - amulet of guardian spirit
rElec    .         Harm     .   b - ring of poison resistance
rCorr    .         Rampage  .   (no ring)
Will     .....                  (no ring)
Stlth    ++++......             (no ring)
HPRegen  0.09/turn              (no ring)
MPRegen  0.10/turn              (no ring)
                                (no ring)
                                (no ring)

@: no status effects
A: almost no armour, amphibious, 8 rings, camouflage 1, gelatinous body 1,
(nimble swimmer 1), tentacles
a: no special abilities


You were on level 3 of the Dungeon.
You visited 1 branch of the dungeon, and saw 3 of its levels.

You collected 101 gold pieces.

Inventory:

Hand Weapons
 d - a +0 dagger (weapon)
Jewellery
 b - a ring of poison resistance (left tentacle)
 c - an amulet of guardian spirit (around mantle)
Scrolls
 h - a scroll of blinking {unknown}
 i - a scroll of identify {unknown}
Potions
 a - a potion of flight {unknown}
 e - a potion of cancellation {unknown}
 f - a potion of degeneration {unknown}
 g - a potion of haste {unknown}
 j - a potion of invisibility {unknown}
 l - a potion of magic {unknown}
 m - a potion of curing {unknown}


   Skills:
 - Level 0.1 Short Blades
 - Level 2.0 Dodging
 + Level 6.1 Stealth
 - Level 2.0 Spellcasting
 - Level 4.0 Necromancy


You had 6 spell levels left.
You knew the following spells:

 Your Spells              Type           Power      Damage    Failure   Level
a - Pain                  Necr           60%        1d7       3%          1

Your spell library contained the following spells:

 Spells                   Type           Power      Damage    Failure   Level
 Animate Skeleton         Necr           30%        N/A       3%          1
 Vampiric Draining        Necr           7%         2d7       11%         3
 Animate Dead             Necr           7%         N/A       36%         4
 Agony                    Necr           15%        N/A       71%         5


Dungeon Overview and Level Annotations

Branches:
Dungeon (3/15)

Altars:
Xom


Innate Abilities, Weirdness & Mutations

You cannot wear most types of armour.
You are amphibious.
You can wear up to eight rings at the same time.
Your skin changes colour to match your surroundings (Stealth+).
Your rubbery body absorbs attacks. (AC +1, EV +1)
((You are camouflaged near water. (Stealth+)))
You have tentacles for arms and can constrict up to eight enemies at once.


Message History

You hit the orc priest but do no damage.
The orc priest is severely wounded.
You constrict the orc priest.
The orc priest casts a cantrip, but nothing happens.
The orc wizard gestures wildly while chanting.
The orc wizard flickers and vanishes!
Deactivating autopickup; reactivate with Ctrl-A.
You hit the orc priest but do no damage.
You squeeze the orc priest.
You kill the orc priest!
Your Stealth skill increases to level 6!
You have reached level 4!
It was a potion of heal wounds.
You feel much better. Something hits you.
Okay, then.
You completely miss something. Something hits you.
You hit something but do no damage. Something hits you.
You closely miss something.
You hear some strange, mumbled words.
A magic dart appears from out of thin air!
The magic dart hits you.
You closely miss something. Something hits you.
You miss something.
You hear some strange, mumbled words.
A magic dart appears from out of thin air!
The magic dart hits you!
* * * LOW HITPOINT WARNING * * *
Unknown command.
You barely miss something. Something barely misses you.
You miss something. Something hits you.
* * * LOW HITPOINT WARNING * * *
You closely miss something. Something hits you.
* * * LOW HITPOINT WARNING * * *
You barely miss something. You squeeze something! Something hits you.
* * * LOW HITPOINT WARNING * * *
You closely miss something. Your squeeze misses something.
You hear some strange, mumbled words.
Something tries to affect you, but you resist.
You barely miss something. Something completely misses you.
You barely miss something. Your squeeze misses something. Something hits you.
You die...

### ##.# ..#
#{# ## #@# ..
#)#
##.##.#######
#...:........
#..##.#####.#
#...#.# .#
##.#.#.#####.#
#............#
#............#


There were no monsters in sight!

Vanquished Creatures
  An orc priest (D:3)
  A worm (D:2)
  A dart slug (D:1)
  An orc (D:3)
  2 bats (D:2)
  7 endoplasms
  2 goblins
  3 hobgoblins
  A kobold (D:1)
  A quokka (D:1)
  3 ball pythons
  3 rats
  A spectral kobold (D:1)
27 creatures vanquished.

Notes
Turn   | Place    | Note
-------+----------+-------------------------------------------
     0 | D:1      | zeram the Octopode Necromancer began the quest for the Orb.
     0 | D:1      | Reached XP level 1. HP: 11/11 MP: 3/3
   153 | D:1      | Found a faded altar of an unknown god.
   159 | D:1      | Reached skill level 3 in Stealth
   722 | D:1      | Reached XP level 2. HP: 17/17 MP: 5/5
   747 | D:1      | Reached skill level 4 in Stealth
  1325 | D:2      | Found a shimmering altar of Xom.
  1372 | D:2      | Reached XP level 3. HP: 1/21 MP: 0/6
  1817 | D:2      | Reached skill level 5 in Stealth
  2380 | D:3      | Reached skill level 6 in Stealth
  2380 | D:3      | Reached XP level 4. HP: 15/27 MP: 2/7
  2392 | D:3      | Slain by an orc wizard

Illustrated notes

Levels and vault maps discovered:
D:1:      eino_arrival_cavern_a, layout_basic,
          dreamdust_ecumenical_altar_drowned_temple, kennysheep_boxes
D:2:      layout_basic, basic_altar
D:3:      kennysheep_big_flooded_room, layout_basic, marbit_many_paths,
          gammafunk_ghost_split, chequers_serial_rivers_small_3

Skill      XL: |  1  2  3 |
---------------+----------+-----
Stealth        | 3 4 6 |  6.1
Short Blades   | |  0.1
Dodging        | |  2.0
Spellcasting   | |  2.0
Necromancy     | |  4.0

Action                   |  1- 3 |  4- 6 || total
-------------------------+-------+-------++-------
Melee: Unarmed           |    12 |       ||    12
       Tentacles         |    18 |     1 ||    19
       Dagger            |    62 |    12 ||    74
       Constrict         |    14 |       ||    14
  Use: Potion            |       |     1 ||     1
 Stab: Sleeping          |     9 |       ||     9
       Distracted        |     1 |       ||     1
Armor: Skin              |     5 |       ||     5
Dodge: Dodged            |    32 |     2 ||    34
